[Event "13th Chennai Open 2022"]
[Site "Chennai"]
[Date "2022.06.22"]
[Round "6.6"]
[White "Aronyak Ghosh"]
[Black "Murali Krishnan B T"]
[Result "1-0"]
[ECO "D00"]
[WhiteElo "2494"]
[BlackElo "2208"]
[Annotator "TA"]
[PlyCount "29"]
[EventDate "2022.06.19"]
[EventType "swiss"]
[EventCountry "IND"]
[SourceTitle "playchess.com"]
[Source "ChessBase"]
[SourceQuality "1"]
[TimeControl "5400+30"]

1. d4 d5 2. Bf4 c6 3. e3 Qb6 4. Qc1 Bf5 5. c4 Nf6 6. Nc3 {[%emt 0:00:20] D00: 1 d4 d5: Unusual lines.} Nbd7 7. Nf3 e6 8. c5 {[%emt 0:05:06] White is slightly better.} Qd8 9. h3 Ne4 10. b4 g5 11. Bh2 Bg7 12. Nxe4 Bxe4 {[%emt 0:00:32] [#]} 13. Nd2 $146 ({Predecessor:} 13. Bd6 Bf8 14. Bg3 Bg7 15. Qc3 O-O 16. Be2 e5 17. O-O Bxf3 18. Bxf3 f5 19. Bh2 exd4 20. exd4 {½-½ (41) Pappier,C (2495)-Poludnyakov,V (2388) ICCF email 2012}) 13... Bg6 14. Bd6 Bf8 15. Bg3 {[%emt 0:00:30][%mdl 32768] Weighted Error Value: White=0.06 (flawless) /Black=0.00 (flawless) . Loss on time!?} 1-0

[Event "13th Chennai Open 2022"]
[Site "Chennai"]
[Date "2022.06.22"]
[Round "6.8"]
[White "Ajay Karthikeyan"]
[Black "Tiwari, Arjun"]
[Result "1-0"]
[ECO "D02"]
[WhiteElo "2436"]
[BlackElo "2163"]
[Annotator "TA"]
[PlyCount "121"]
[EventDate "2022.06.19"]
[EventType "swiss"]
[EventCountry "IND"]
[SourceTitle "playchess.com"]
[Source "ChessBase"]
[SourceQuality "1"]
[TimeControl "5400+30"]

1. d4 Nf6 2. Nf3 g6 3. Nbd2 d5 4. b4 Bg7 5. e3 O-O 6. Bb2 {[%emt 0:01:34] D02: 1 d4 d5 2 Nf3 sidelines, including 2...Nf6 3 g3 and 2...Nf6 3 Bf4.} Bf5 7. c4 Ne4 {[%emt 0:12:48] [#]} 8. cxd5 $146 {[%emt 0:11:26] White is slightly better.} ({Predecessor:} 8. Qb3 a5 9. a3 axb4 10. axb4 Rxa1+ 11. Bxa1 dxc4 12. Bxc4 Nd6 13. Be2 Nd7 14. O-O c6 15. d5 Bxa1 16. Rxa1 cxd5 17. Qxd5 Qb6 18. Qd4 Rc8 19. h3 Be6 {0-1 (19) Cyborowski,L (2548)-Sadzikowski,D (2448) Wroclaw 2013}) 8... Qxd5 9. Bc4 Qd6 10. Qb3 Nxd2 11. Nxd2 Nc6 12. a3 e5 (12... a5 $1 $11) 13. d5 $14 Ne7 14. e4 Bd7 15. Be2 b5 {[%emt 0:00:50] Inhibits Nc4.} (15... c6 $5 ) 16. Rd1 c6 17. dxc6 Qxc6 18. Qg3 Rfe8 19. Nb3 (19. Bxe5 $2 Nf5 $1 20. Qd3 Rxe5 $19) 19... Qc7 20. Nc5 Bc6 21. O-O {[%emt 0:05:18] 0x0.00166d62a0c0dp-1022s more active pieces. The black rooks are badly placed.} (21. h4 $5 ) 21... a5 22. Rd2 Nc8 23. Rfd1 axb4 24. axb4 Nb6 25. h4 Na4 (25... Nc4 $11) 26. Qe3 (26. Nxa4 $1 $14 {deserves consideration.} bxa4 27. b5 Bxe4 28. Qe3) 26... Nxc5 27. Qxc5 Bf8 28. Qc3 Qb7 29. Qb3 Ra7 30. h5 Ra4 31. Bc3 Be7 (31... Qc7 $11) 32. hxg6 (32. Bxe5 $6 Rxb4 33. Qh3 Rxe4 34. hxg6 fxg6 $11) 32... hxg6 33. Bxe5 Bg5 $2 {[%emt 0:04:01][%mdl 8192] [#]} (33... Rxb4 $16 34. Qh3 Bh4) 34. f4 $2 (34. Rd5 Bxd5 35. Rxd5 Qe7 $14) ({White must play} 34. Bb2 $1 $18 Bf4 (34... Bxd2 35. Rxd2) 35. Rd6 $1 Bxd6 36. Rxd6) 34... Rxe5 $1 $11 {[%emt 0:00:23][%mdl 64] Pin} 35. fxg5 Qb6+ (35... Rxg5 $2 36. Rd8+ Kg7 37. Qh3 $18) 36. Kh1 (36. Kf1 $11 {remains equal.} Qb7 37. Bf3) 36... Ra8 (36... Rxe4 $17 {( -> ...Rh4+)} 37. Bg4 (37. Rd8+ Be8 $17) 37... Ra8) 37. Qg3 Rae8 38. Rd6 {[%emt 0:00:22] Threatens to win with Rc1.} Kg7 $2 (38... Rxe4 $11 39. Bf3 Rc4) 39. R1d4 $2 (39. Bg4 $1 $18) 39... Rh8+ 40. Kg1 Rxe4 41. Qf2 {[%emt 0:00:47] The board is on fire.} Rxd4 42. Rxd4 Be8 (42... Qc7 $2 43. Qf6+ Kg8 44. Rd8+ Qxd8 45. Qxd8+ $18) 43. Bg4 Rh4 44. g3 (44. Qxh4 $2 {is the wrong capture.} Qxd4+ 45. Kh2 Qxb4 $19) 44... Rh7 45. Bf3 Kf8 (45... Qc7 $11 {keeps the balance.}) 46. Qe3 (46. Rh4 $16 Qxf2+ 47. Kxf2) 46... Qa7 47. Re4 (47. Qf4 {is interesting.} f5 48. Kg2 Qc7 49. g4) 47... Qxe3+ 48. Rxe3 {[%emt 0:00:01][%mdl 4096] Endgame KRB-KRB} f6 49. gxf6 {[%emt 0:00:19] Strongly threatening Rd3.} Rc7 $2 {[%emt 0:00:07][%mdl 8192] [#]} (49... Ra7 $1 $14) 50. Bd5 $2 (50. Rd3 $1 $18 ) 50... Bf7 51. Re5 Rc3 {[%emt 0:00:41] Against Bf3} 52. Kf2 {[%emt 0:00:24] g4 is the strong threat.} Be8 $2 (52... Bxd5 $14 53. Rxd5 Kf7) 53. Re7 $18 {[%emt 0:03:10] Intending Rh7 and mate.} Rd3 {[%emt 0:00:11] [#]} 54. Be6 $1 {[%emt 0:00:32] White threatens Rh7 and mate.} Rd6 55. Kf3 $2 (55. Ke3 {Kf4 would kill now.} Bc6 56. Kf4 Rxe6 57. Rxe6) 55... Rd1 $2 (55... Bd7 $18) 56. Kf4 {[%emt 0:00:54] White mates.} Re1 57. g4 Rf1+ 58. Ke5 Re1+ 59. Kd6 Rh1 60. Rg7 Rh8 61. g5 {[%emt 0:00:13] Weighted Error Value: White=0.59/Black=0.46} 1-0

[Event "13th Chennai Open 2022"]
[Site "Chennai"]
[Date "2022.06.22"]
[Round "6.9"]
[White "Srihari L R"]
[Black "Manigandan, S S"]
[Result "1-0"]
[ECO "A15"]
[WhiteElo "2404"]
[BlackElo "2122"]
[Annotator "TA"]
[PlyCount "81"]
[EventDate "2022.06.19"]
[EventType "swiss"]
[EventCountry "IND"]
[SourceTitle "playchess.com"]
[Source "ChessBase"]
[SourceQuality "1"]
[TimeControl "5400+30"]

1. Nf3 Nf6 2. c4 g6 3. b4 Bg7 4. Bb2 O-O 5. e3 b6 6. Be2 Bb7 7. O-O {[%emt 0:07:15] A15: English Opening: 1...Nf6.} c5 8. a3 {[%emt 0:03:23] is the legacy move (8.b5).} d5 9. cxd5 {[%emt 0:02:52] [#] White is slightly better.} Qxd5 $146 ({Predecessor:} 9... Nbd7 10. bxc5 Nxc5 11. d4 Nce4 12. Ne5 Nxd5 13. f3 Nxe3 14. Qc1 Nxf1 15. fxe4 Nxh2 16. Kxh2 Bxe4 {½-½ (34) Pal,P (2166)-Bubits,B (1971) Zalakaros 2008}) 10. Nc3 Qf5 11. bxc5 bxc5 12. Qb3 Bc6 13. Rac1 Nbd7 14. Qc2 Rab8 15. Ba1 Qxc2 16. Rxc2 e5 17. d3 Rb3 18. Ra2 Nd5 19. Ne4 Rbb8 20. Rc1 Ba4 21. Nfd2 Rfc8 22. Bf3 {[%emt 0:00:48] Hoping for Nd6.} N5f6 23. Nd6 Rc7 24. Bc3 Bf8 {[%emt 0:00:17] White leaves nothing to chance now.} (24... Ne8 $14 25. N6c4 Bc6) 25. N6c4 $16 {[%emt 0:00:12] White is more active.} Bb3 (25... Bg7 $16 {was necessary.} 26. h4 (26. Nxe5 Ne4 $16) 26... h5) 26. Rb2 $18 Bxc4 27. Rxb8 ({Don't play} 27. dxc4 $6 Rxb2 28. Bxb2 Ne8 $14) 27... Nxb8 28. Bxe5 ({Much less strong is} 28. dxc4 $6 Nc6 29. Rb1 Nd7 $16) 28... Rc8 29. Nxc4 Nbd7 30. Bf4 h6 31. h4 Rd8 32. Rb1 Kg7 (32... Nb6 {was called for.} 33. Nxb6 axb6 34. Rxb6 Nh5) 33. Bc7 {[%emt 0:00:26] White is clearly winning.} Rc8 34. Rb7 a6 35. Kf1 g5 36. hxg5 hxg5 37. g4 Re8 38. Ra7 Re6 39. Ba5 Nb8 40. Bc3 {[%emt 0:00:17] [#] Black must now prevent Rb7. This bishop pair is nice.} Kg6 (40... Kg8 $142 41. Bb2 Nfd7) 41. Ne5+ {[%emt 0:00:06] Weighted Error Value: White=0.12 (very precise) /Black=0.31} 1-0

[Event "13th Chennai Open 2022"]
[Site "Chennai"]
[Date "2022.06.22"]
[Round "6.11"]
[White "Ziatdinov, Raset"]
[Black "Gusain, Himal"]
[Result "1/2-1/2"]
[ECO "B08"]
[WhiteElo "2224"]
[BlackElo "2396"]
[Annotator "TA"]
[PlyCount "98"]
[EventDate "2022.06.19"]
[EventType "swiss"]
[EventCountry "IND"]
[SourceTitle "playchess.com"]
[Source "ChessBase"]
[SourceQuality "1"]
[TimeControl "5400+30"]

1. e4 d6 2. d4 Nf6 3. Nc3 g6 4. Nf3 Bg7 5. Be2 O-O 6. O-O c6 7. Qd2 {[%emt 0:01:54] B08: Pirc Defence: Classical System.} b5 {[%emt 0:02:35] [#]} 8. e5 $146 ({Predecessor:} 8. a3 a5 9. e5 dxe5 10. Nxe5 Bb7 11. Bf3 Qc7 12. Qf4 Qc8 13. Re1 Nbd7 14. Qh4 Nxe5 15. dxe5 {0-1 (60) Ganzer,M-Henke,S GER email 2007}) 8... dxe5 9. Nxe5 {[%emt 0:00:07] White is slightly better.} Qb6 10. Bf3 Rd8 11. Rd1 Nd5 12. Nxd5 cxd5 13. a4 bxa4 14. c4 ({White should play} 14. Rxa4 $14 Nc6 15. Nxc6 Qxc6 16. b3) 14... Bb7 (14... Bxe5 $5 15. dxe5 Nc6 $11) 15. c5 Qc7 16. Qf4 (16. Rxa4 $11 a5 17. Ng4) 16... Bxe5 $15 17. dxe5 Nd7 18. Qh6 (18. Rxa4 $15 Nxc5 19. Ra3) 18... Nxc5 19. Bf4 Qd7 (19... Ne6 $1 $17 20. Bg4 Nxf4 21. Qxf4 Bc6) 20. Bg5 {[%emt 0:03:01][%cal Og5f6] aiming for Bf6!} Qe6 {[%emt 0:02:50] Prevents Bf6.} (20... d4 $17 {...Bxf3 is the strong threat.} 21. Be2 Qe6) 21. Qh4 $11 Re8 (21... Qxe5 22. Bxe7 Rdc8 23. Bf6 $14) 22. Qf4 (22. Be3 $11 Ne4 23. Bd4) 22... Ne4 (22... Qb6 $1 $17 {Strongly threatening ...d4.} 23. Qh4 d4 24. Qxd4 Bxf3 25. gxf3 Nb3 26. Qxb6 axb6) 23. Bg4 Qb6 24. Bd7 Red8 (24... Qxb2 $6 25. Rdb1 Qd4 26. Bxe8 Rxe8 27. Bh6 $11) 25. Bxa4 Nxg5 26. Qxg5 e6 27. Ra3 Qb4 (27... Qxb2 $17 28. Raa1 a5) 28. h4 $15 h5 $2 (28... Qxb2 29. Rf3 Qb4 30. Rxf7 Kxf7 31. Qf6+ Kg8 32. Qxe6+ Kh8 33. Qf6+ Kg8 34. Qe6+ Kh8 35. Qf6+ Kg8 36. Qe6+ $11) (28... Rdc8 $1 $15) 29. Bc2 $1 $18 Qxb2 $2 {[%emt 0:04:35] [#]} (29... Qg4 {keeps fighting.}) 30. Bxg6 $1 {[%emt 0:01:16][%cal Og5f6][%mdl 512] Intending Qf6! and mate.} Qxa3 31. Rd3 $1 Qa1+ (31... Qxd3 $18 32. Bxd3+ Kf8 33. Qxh5 Ke7 34. Qg5+ Kd7) 32. Kh2 Rd7 {[%emt 0:00:03] [#]} 33. Rg3 Kf8 34. Qf6 Ke8 {[%emt 0:01:39] [#]} 35. Bd3 $2 (35. Bxf7+ $1 {[%mdl 512] mates} Rxf7 36. Qxe6+ Kf8 37. Qh6+ Rg7 38. Qxg7+ Ke8 39. Qg6+ Kd7 40. Qd6+ Ke8 41. Qe6+ Kd8 42. Rg8+ Kc7 43. Qd6#) 35... Re7 $1 $11 36. Bb5+ Kd8 37. Rg8+ {[%emt 0:01:07][%mdl 64] Deflection} Kc7 38. Qxe7+ Kb6 39. Rg5 {[%emt 0:00:26] The board is on fire.} Qd4 {[%emt 0:01:36] White must now prevent ...Qc5.} 40. Be2 $2 (40. Bd7 $1 $11 a5 41. Rg7 Qxe5+ 42. g3 Qxg7 43. Qd6+ Ka7 44. Qc5+ Kb8 45. Qd6+ Ka7 46. Qc5+ Kb8 47. Qd6+ Ka7) 40... Qxh4+ $19 (40... Bc6 41. Rxh5 Qf4+ 42. Kg1 $11) 41. Kg1 {[%emt 0:00:03] [#] Hoping for Qd6+.} Bc6 $2 (41... a5 $1 $19 42. Bf1 (42. Qd6+ $2 Bc6 $19) 42... Bc6) 42. g3 $2 (42. Qa3 $1 $11 {and White has nothing to worry.} Qxg5 43. Qb4+ Kc7 44. Qd6+ Kb7 45. Qb4+ Kc8 46. Qc5) 42... Qe4 43. Bf1 h4 ({Black should try} 43... a5 $19 44. Rxh5 (44. Qxf7 $2 d4 $19) 44... d4) 44. Rg7 $1 $15 a5 ({Much worse is} 44... hxg3 45. Rxg3 Qa4 46. Qxf7 $11) (44... h3 $1 $15 45. Rxf7 h2+ 46. Kxh2 Rh8+ 47. Bh3 a5 48. Qxe6 Re8) 45. Rxf7 $11 {[%emt 0:00:25] And now Qc7+ would win. The position is equal.} Qxe5 (45... hxg3 $5 46. Qc7+ Kc5 47. Qd6+ (47. fxg3 $2 Qe3+ 48. Rf2 Qxg3+ 49. Bg2 Qe3 $19) 47... Kd4 48. Qxc6 gxf2+ 49. Rxf2 Rg8+ 50. Bg2 Qe1+ 51. Rf1 Qe3+ 52. Rf2 Qe1+ 53. Rf1 Qe3+ 54. Rf2 Qe1+ $11) 46. Qa3 hxg3 47. Qb3+ Kc5 48. Qa3+ Kb6 {[%emt 0:00:11] Threatens to win with ...gxf2+.} 49. Qb3+ Kc5 {[%emt 0:00:05] Quite a comeback for White.  Weighted Error Value: White=0.54/Black=0.90} 1/2-1/2

[Event "13th Chennai Open 2022"]
[Site "Chennai"]
[Date "2022.06.22"]
[Round "6.12"]
[White "Pawar, Harshit"]
[Black "Rajesh, V A V"]
[Result "1/2-1/2"]
[ECO "C29"]
[WhiteElo "1961"]
[BlackElo "2358"]
[Annotator "TA"]
[PlyCount "60"]
[EventDate "2022.06.19"]
[EventType "swiss"]
[EventCountry "IND"]
[SourceTitle "playchess.com"]
[Source "ChessBase"]
[SourceQuality "1"]
[TimeControl "5400+30"]

1. e4 e5 2. Nc3 Nf6 3. f4 d5 4. fxe5 Nxe4 5. Qf3 Nxc3 6. bxc3 Qh4+ {[%emt 0:10:56] 6...c5 gains popularity.} 7. g3 {[%emt 0:00:02] C29: Vienna Game: 2...Nf6 3 f4.} Qe4+ 8. Qxe4 dxe4 9. d4 exd3 $1 10. cxd3 Bd7 {[%emt 0:09:17] [#] ...Bc6 is the strong threat.} 11. Bg2 Bc6 {[%emt 0:03:53] [#]} 12. Bxc6+ $146 ({Predecessor:} 12. Nf3 Nd7 13. O-O Be7 14. d4 Nb6 15. Bd2 Nc4 16. Rf2 O-O 17. Bf1 Bd5 18. Bf4 {0-1 (40) Wittmann,K (2066)-Sattler,S (2098) Mittelfranken 2019}) 12... Nxc6 13. Nf3 Be7 14. d4 O-O 15. Bf4 Ba3 16. Rb1 {[%emt 0:00:27] Inhibits Bb2.} Na5 17. Ke2 c6 18. h4 (18. c4 $5) 18... f6 19. Kd3 fxe5 20. Nxe5 Rad8 21. Rhd1 Bd6 22. Re1 b6 (22... c5 $11) 23. a4 (23. c4 $14 {was preferrable.}) 23... Rf5 24. Ke4 Rff8 25. Kd3 Bb8 (25... Rf5 $11) 26. c4 $14 Rfe8 27. Kc3 Bd6 28. Re3 {[%emt 0:03:28] White is more active.} Be7 29. Rh1 Bf6 30. g4 Rf8 {[%emt 0:03:51] Weighted Error Value: White=0.14 (very precise) /Black=0.15 (very precise)} 1/2-1/2

[Event "13th Chennai Open 2022"]
[Site "Chennai"]
[Date "2022.06.22"]
[Round "6.13"]
[White "Daksh Goyal"]
[Black "Karthikeyan, P.."]
[Result "1/2-1/2"]
[ECO "A28"]
[WhiteElo "1795"]
[BlackElo "2361"]
[Annotator "TA"]
[PlyCount "60"]
[EventDate "2022.06.19"]
[EventType "swiss"]
[EventCountry "IND"]
[SourceTitle "playchess.com"]
[Source "ChessBase"]
[SourceQuality "1"]
[TimeControl "5400+30"]

1. c4 e5 2. Nc3 Nf6 3. Nf3 Nc6 4. e3 Bb4 5. Qc2 Bxc3 6. Qxc3 Qe7 7. b3 {[%emt 0:00:40] A28: English Opening: Four Knights Variation.} d5 $1 {[%emt 0:00:33] 7...d5 is better than 7...0-0.} 8. d4 Bf5 9. dxe5 Ne4 10. Qb2 (10. Qd3 $2 Nb4 11. Qe2 Nc3 $19) 10... O-O-O 11. a3 {[%emt 0:08:17] [#] Prevents Qb4+.} Bg4 $146 {[%emt 0:12:23] [#] Strongly threatening ...dxc4.} ({Predecessor:} 11... Nc5 12. b4 Na4 13. Qb3 Nb6 14. c5 Nc4 15. Bb2 N4xe5 16. Nxe5 Nxe5 17. Be2 Nc6 {½-½ (93) Caruana,F (2828)-Harikrishna,P (2726) Saint Louis 2019}) 12. Be2 dxc4 13. bxc4 Bxf3 14. Bxf3 Nc5 15. O-O {[%emt 0:06:57] [#] And now Bxc6 would win.} Nxe5 16. Be2 f6 (16... Ned3 $15 17. Bxd3 (17. Qxg7 Qe6 $11) 17... Nxd3) 17. Qc2 Qd7 18. Rd1 Qa4 19. Qf5+ Kb8 ({Black should play} 19... Ned7 $1 $14) 20. Bb2 $16 Nb3 (20... a6 $16) 21. Qc2 (21. Bxe5 $18 {and the rest is easy.} fxe5 22. Rxd8+ Rxd8 23. Rd1 Rxd1+ 24. Bxd1 Qxa3 25. Qd3 (25. Qxh7 a5 $17)) 21... Nc5 (21... Nd7 $16 {was called for.}) 22. Qf5 Nb3 {[%emt 0:03:03] Pair of Knights!} 23. Rxd8+ $40 {[%emt 0:04:34][%mdl 128] White is up to no good.} (23. Bxe5 $18 {is the precise move to win.} fxe5 24. Rxd8+ Rxd8 25. Rd1 Rxd1+ 26. Bxd1 Qxa3 27. Qd3 (27. Qxh7 a5 $17)) 23... Rxd8 24. Rd1 Rxd1+ 25. Bxd1 Qa5 26. h4 Qe1+ (26... Nxc4 $2 27. Qd3 Qe1+ 28. Kh2 $18) 27. Kh2 Qxd1 (27... Nxc4 $2 28. Qd5 (28. Qxh7 a6 $16) 28... a6 29. Bxb3 $18) 28. Bxe5 Qd8 29. Bf4 h6 30. Qb5 Nd2 {[%emt 0:00:53] Weighted Error Value: White=0.25 (precise) /Black=0.19 (very precise)} 1/2-1/2

[Event "13th Chennai Open 2022"]
[Site "Chennai"]
[Date "2022.06.22"]
[Round "6.14"]
[White "Badrinarayanan N"]
[Black "Konguvel, Ponnuswamy"]
[Result "1/2-1/2"]
[ECO "B30"]
[WhiteElo "1574"]
[BlackElo "2331"]
[Annotator "TA"]
[PlyCount "180"]
[EventDate "2022.06.19"]
[EventType "swiss"]
[EventCountry "IND"]
[SourceTitle "playchess.com"]
[Source "ChessBase"]
[SourceQuality "1"]
[TimeControl "5400+30"]

1. e4 c5 2. Nf3 e6 3. Nc3 Nc6 4. Bc4 a6 5. d3 b5 6. Bb3 {[%emt 0:00:02] B30: Sicilian: 2...Nc6 3 Bb5, lines without ...g6.} d6 7. O-O Nf6 8. Bg5 {[%emt 0:00:08] The position is equal.} Be7 9. a3 O-O 10. Qd2 Bb7 11. Rfe1 Nd7 12. Bxe7 Qxe7 {[%emt 0:00:18] [#]} 13. Ne2 $146 ({Predecessor:} 13. Qf4 Nce5 14. Ne2 Ng6 15. Qd2 Nf6 16. Ng3 Qc7 17. d4 c4 18. Ba2 Rad8 19. c3 {0-1 (32) Sadowski,C-Leal,N Sao Bento do Sul 1985}) 13... Nde5 14. Nxe5 dxe5 15. Ba2 Rac8 16. Rac1 Rfd8 17. Qe3 Nd4 18. c3 Nc6 19. Red1 Qd6 20. h4 a5 21. Bb1 h6 22. h5 Ba6 23. g4 Qe7 24. Kg2 Rd7 25. Rg1 Rcd8 26. Kh3 b4 27. c4 (27. cxb4 $2 Rxd3 28. Bxd3 Rxd3 $19) 27... f6 {[%emt 0:01:03] Inhibits g5.} 28. Bc2 b3 29. Bb1 Nd4 30. Nxd4 Rxd4 31. Rc3 a4 32. Rcc1 Bb7 33. Rg3 (33. f3 $17) 33... R4d7 (33... f5 $1 $19 34. gxf5 exf5 35. Qxh6 f4) 34. Rcg1 $17 Qd6 35. Kh2 Rf8 36. f3 Bc6 37. R3g2 Rdd8 38. Kh3 Be8 39. Kh4 (39. Kh2 $17) 39... Rd7 $1 $19 40. Kh3 (40. Re1 {keeps fighting.}) 40... Kh8 41. Kh2 {[%emt 0:01:52] [#]} (41. Re2 $142) 41... Rc7 (41... f5 $1 $19 {And now ...fxg4 would win.} 42. Rf2 fxg4 43. Rxg4 Rf4 44. Rxf4 exf4) 42. Kh1 (42. Rg3 $17) 42... Qd8 (42... f5 $19 {Strongly threatening ...fxg4.} 43. Rh2 Qd4 44. Qxd4 cxd4 45. exf5 Re7) 43. Rh2 Qe7 (43... f5 $19 44. Qe2 (44. exf5 $2 Bc6 $19) 44... Rcf7) 44. Rh3 Qd6 45. Qe2 (45. Rh2 $17) 45... Qd4 46. Qd2 Ra7 47. Rhg3 Bc6 48. Kh2 Rd8 49. R1g2 Be8 50. Kh3 Kh7 51. Qf2 f5 52. Qxd4 exd4 ({And not} 52... Rxd4 53. Rg1 $15) 53. f4 {[%emt 0:00:14] [#]} (53. g5 $17) 53... fxg4+ $1 54. Kxg4 (54. Rxg4 $142 Bxh5 55. Rh4) 54... Rf7 55. Kf3 Rdd7 56. Rh2 Rf6 {[%emt 0:00:16] Against Rg6} 57. Rh4 Rdf7 58. Rgg4 Bc6 {[%emt 0:00:25] Hoping for ...e5.} 59. Kg3 Rf8 60. Rh2 Rg8 61. Rg2 $2 (61. Rh1) 61... g5 62. fxg5 Rxg5 63. Rxg5 hxg5 {[%emt 0:00:04][%mdl 4096] Endgame KRB-KRB} 64. Rg1 Kh6 65. Rh1 Rf4 66. Kg2 Be8 67. Rc1 Bxh5 68. Bc2 bxc2 {[%emt 0:00:12] Black mates.} 69. Rxc2 {[%emt 0:00:01] KRB-KR} Kg6 70. Rd2 Kf6 71. Kg3 Rf3+ 72. Kg2 Ke5 73. b3 axb3 74. a4 Rf8 75. Rb2 Bd1 76. a5 Ra8 77. Kf2 Rxa5 78. Ke1 Bc2 79. Kd2 Ra2 80. Kc1 Rxb2 81. Kxb2 {[%emt 0:00:01] KB-K3P} g4 82. Ka1 g3 83. Kb2 g2 84. Ka3 g1=Q 85. Ka4 b2+ 86. Kb5 b1=Q+ 87. Kc6 Ba4+ 88. Kxc5 Qxd3 89. Kb4 Qgb1+ 90. Kc5 Qa3# {[%emt 0:00:00][%mdl 32768] Weighted Error Value: White=0.20 (precise) /Black=0.09 (flawless) . An unexpected result.} 1/2-1/2

[Event "13th Chennai Open 2022"]
[Site "Chennai"]
[Date "2022.06.22"]
[Round "6.15"]
[White "Saravana, Krishnan P."]
[Black "Mithun Anand V"]
[Result "1-0"]
[ECO "B50"]
[WhiteElo "2269"]
[BlackElo "1672"]
[Annotator "NA RC"]
[PlyCount "57"]
[EventDate "2022.06.19"]
[EventType "swiss"]
[EventCountry "IND"]
[SourceTitle "playchess.com"]
[Source "ChessBase"]
[SourceQuality "1"]
[TimeControl "5400+30"]

1. e4 c5 2. Nf3 d6 3. Bc4 Nf6 4. Qe2 Nc6 5. c3 a6 6. Bb3 Bg4 7. h3 Bh5 8. d3 e6 9. Nbd2 Be7 10. Nf1 d5 11. g4 Bg6 $1 12. Ng3 c4 13. dxc4 Nxe4 14. cxd5 exd5 15. Nf5 Bxf5 16. gxf5 Qd7 17. Be3 Qxf5 18. O-O-O Rd8 19. Rd3 O-O 20. Rhd1 $17 b5 $2 ({Much weaker is} 20... Qxh3 $6 21. Bxd5 Nf6 22. Bxc6 bxc6 23. Nd4 $11) (20... g6 $17 21. Bb6 Rd7) 21. Bxd5 Na5 22. Bb6 Nxc3 23. Rxc3 Rxd5 24. Rxd5 Qxd5 25. Qxe7 Nc4 26. Bd4 a5 27. b3 Na3 28. Qe5 Qd7 29. Qxg7# 1-0

[Event "13th Chennai Open 2022"]
[Site "Chennai"]
[Date "2022.06.22"]
[Round "6.16"]
[White "Jubin Jimmy"]
[Black "Jai Sankar Subramanian"]
[Result "1-0"]
[ECO "D75"]
[WhiteElo "2259"]
[BlackElo "1635"]
[Annotator "NA RC"]
[PlyCount "85"]
[EventDate "2022.06.19"]
[EventType "swiss"]
[EventCountry "IND"]
[SourceTitle "playchess.com"]
[Source "ChessBase"]
[SourceQuality "1"]
[TimeControl "5400+30"]

1. d4 Nf6 2. c4 g6 3. g3 Bg7 4. Bg2 d5 5. cxd5 Nxd5 6. Nc3 Nxc3 7. bxc3 c5 8. Nf3 O-O 9. O-O cxd4 10. cxd4 Nc6 11. Bb2 Bg4 12. e3 Na5 13. Rc1 Be6 14. Bc3 Nc6 15. Qa4 $11 (15. Qe2 $16) 15... Qd7 16. Rfd1 Bd5 (16... Rfc8 $14) 17. Ne5 Nxe5 18. Qxd7 {[%emt 0:00:08] Remove Defender} Nxd7 19. Bxd5 Nb6 20. Bxb7 Rab8 21. Ba6 Nd5 22. Ba5 Rb2 23. Bc4 Nf6 24. Bb3 Ng4 25. Be1 Bh6 26. Rd3 e5 27. h3 e4 28. Rdc3 Nf6 29. Rc6 Nh5 30. Kf1 Nxg3+ 31. fxg3 Bxe3 32. R1c2 Rb1 33. d5 f5 34. Ke2 Bb6 35. Rc1 Rb2+ 36. R6c2 Rxc2+ 37. Rxc2 g5 38. Bb4 Rb8 39. Bd6 Ra8 40. Ba4 Kg7 41. Be5+ Kg6 42. Rc6+ Kh5 43. Bg7 1-0

[Event "13th Chennai Open 2022"]
[Site "Chennai"]
[Date "2022.06.22"]
[Round "6.18"]
[White "Swayham P Das"]
[Black "Nguyen, Van Huy"]
[Result "1/2-1/2"]
[ECO "B13"]
[WhiteElo "1825"]
[BlackElo "2405"]
[Annotator "TA"]
[PlyCount "71"]
[EventDate "2022.06.19"]
[EventType "swiss"]
[EventCountry "IND"]
[SourceTitle "playchess.com"]
[Source "ChessBase"]
[SourceQuality "1"]
[TimeControl "5400+30"]

1. e4 c6 2. d4 d5 3. exd5 cxd5 4. Bd3 Nc6 5. c3 Nf6 6. Bf4 Bg4 7. Nf3 e6 8. h3 Bh5 9. Nbd2 Bd6 10. Bxd6 Qxd6 11. O-O O-O 12. Re1 {[%emt 0:00:26] B13: Caro-Kann: Exchange Variation and Panov-Botvinnik Attack.} Rab8 13. Qe2 Qc7 14. a4 Rfe8 15. Qe3 {[%emt 0:00:57] [#] Against e5} a6 $146 ({Predecessor:} 15... Bg6 16. Bxg6 hxg6 17. Qd3 Rbc8 18. Ne5 Nxe5 19. Rxe5 Nd7 20. Re2 Qa5 21. Nf3 a6 {0-1 (57) Martinez Alcantara,J (2620)-Najer,E (2648) Chess.com INT 2020}) 16. Ne5 (16. Qg5 {keeps more tension.} Bxf3 17. Nxf3 Nd7 18. Rad1) 16... Bg6 17. Nxg6 hxg6 18. Nf3 Nd7 19. Bf1 Na5 20. Nd2 Nb6 21. b3 Rbc8 22. Rec1 Red8 23. Qg5 Qd6 24. h4 Nc6 25. Nf3 Nd7 26. h5 gxh5 27. Qxh5 Nf6 (27... g6 $5 28. Qh6 Qf8 $11) 28. Qg5 {[%emt 0:01:44] The position is equal.} Ne4 29. Qe3 e5 30. c4 exd4 31. Nxd4 Ne5 {[%emt 0:03:01] [#] White must now prevent ...Ng4. Pair of Knights!} 32. Be2 {[%emt 0:00:09] Against Ng4} Nf6 (32... dxc4 $2 33. Nf5 Qf6 34. Qxe4 $18) 33. Qg3 {[%emt 0:04:04] Prevents Neg4. aiming for Nf5.} Ne4 34. Qe3 Nf6 (34... dxc4 $2 35. Nf5 Qf6 36. Qxe4 $18) 35. Qg3 {[%emt 0:00:04] [#] Against Neg4. Threatens to win with Nf5.} Ne4 36. Qe3 {[%emt 0:00:05] Weighted Error Value: White=0.04 (flawless) /Black=0.06 (flawless)} 1/2-1/2